 Dungeon Crawl Stone Soup version 0.28-a0-533-g9f97627e2a (webtiles) character file.

Game seed: 1362046766560049974

44578 bjtr the Thaumaturge (level 13, -13/102 HPs)
             Began as a Demigod Conjurer on Sept 25, 2021.
             Mangled by a death knight (30 damage)
             ... on level 13 of the Dungeon on Sept 26, 2021.
             The game lasted 02:20:35 (15382 turns).

bjtr the Thaumaturge (Demigod Conjurer)            Turns: 15382, Time: 02:20:37

Health: -13/102    AC: 22    Str: 13    XL:     13   Next: 58%
Magic:  17/31      EV:  8    Int: 42    God:
Gold:   2071       SH:  7    Dex: 10    Spells: 11/31 levels left

rFire   . . .      SeeInvis +   a - +5 scimitar
rCold   + + .      Faith    .   K - +3 buckler {reflect}
rNeg    . . .      Spirit   .   P - +2 chain mail of Dawn {rPois rC++ Dex-2 SInv}
rPois   +          Reflect  +   l - +2 helmet
rElec   .          Harm     .   x - +1 cloak
rCorr   +          Rampage  .   E - +1 pair of gloves
Will    .....                   V - +1 pair of boots
Stlth   ..........              d - amulet of regeneration
HPRegen 1.27/turn               o - ring of resist corrosion
MPRegen 0.22/turn               W - ring of Traps {Str+5 Int+6}

@: weak-willed
A: high mp 1, forlorn
a: no special abilities


You were on level 13 of the Dungeon.
You visited 2 branches of the dungeon, and saw 14 of its levels.
You also visited: Sewer, Ossuary and Bailey.

You collected 2395 gold pieces.
You spent 324 gold pieces at shops.

Inventory:

Hand Weapons
 a - a +5 scimitar (weapon)
 b - a +2 fustibalus of freezing
 e - a +3 broad axe
 k - a +2 falchion of freezing
 u - a +5 flail
 D - the +7 war axe of Vostriosk {freeze, rN+++ rCorr Dex-3}
   (You found it on level 11 of the Dungeon)

   It freezes those it strikes, dealing additional cold damage.
   It can also slow down cold-blooded creatures.
   Dex:       It affects your dexterity (-3).
   rN:        It renders you almost immune to negative energy.
   rCorr:     It protects you from acid and corrosion.
 N - a +0 hand crossbow
Missiles
 g - 159 sling bullets
 v - 5 atropa-tipped darts
 H - 2 boomerangs of dispersal
 I - 2 throwing nets
 M - 4 javelins (quivered)
 Y - a curare-tipped dart
Armour
 l - a +2 helmet (worn)
 p - a +2 robe of fire resistance
 w - +0 acid dragon scales
 x - a +1 cloak (worn)
 E - a +1 pair of gloves (worn)
 K - a +3 buckler of reflection (worn)
 L - a +0 troll leather armour {Purgy}
 P - the +2 chain mail of Dawn (worn) {rPois rC++ Dex-2 SInv}
   (You found it on level 5 of the Dungeon)

   Dex:       It affects your dexterity (-2).
   rC:        It greatly protects you from cold.
   rPois:     It protects you from poison.
   SInv:      It lets you see invisible.
 R - a +2 kite shield
 T - the +0 scale mail of the Garden {Contam rPois rF+ Int+4}
   (You took it off an orc on level 13 of the Dungeon)

   Int:       It affects your intelligence (+4).
   rF:        It protects you from fire.
   rPois:     It protects you from poison.
   Contam:    It causes magical contamination when unequipped.
 V - a +1 pair of boots (worn)
Jewellery
 c - a ring of see invisible
 d - an amulet of regeneration (around neck)
 i - a ring of poison resistance
 o - a ring of resist corrosion (left hand)
 z - an amulet of reflection
 W - the ring of Traps (right hand) {Str+5 Int+6}
   (You found it on level 6 of the Dungeon)

   [ring of intelligence]

   Str:       It affects your strength (+5).
   Int:       It affects your intelligence (+6).
Wands
 f - a wand of iceblast (7)
 s - a wand of acid (10)
 F - a wand of digging (1)
 O - a wand of flame (37)
 Q - a wand of polymorph (18)
 U - a wand of charming (7)
Scrolls
 m - 9 scrolls of teleportation
 A - a scroll of magic mapping
 B - 2 scrolls of enchant weapon
 G - a scroll of identify
 S - a scroll of fear
 X - a scroll of amnesia
Potions
 h - 4 potions of haste
 j - 2 potions of heal wounds
 q - 2 potions of brilliance
 r - a potion of cancellation
 t - 2 potions of magic
 C - a potion of flight
 J - 7 potions of curing
Miscellaneous
 y - a condenser vane


   Skills:
 + Level 5.7 Fighting
 * Level 4.1 Long Blades
 * Level 5.8 Armour
 + Level 8.0 Dodging
 + Level 5.0 Stealth
 - Level 4.0 Shields
 + Level 9.9 Spellcasting
 + Level 9.7 Conjurations
 + Level 9.2 Fire Magic
 * Level 3.0 Evocations


You had 11 spell levels left.
You knew the following spells:

 Your Spells              Type           Power      Damage    Failure   Level
a - Magic Dart            Conj           100%       1d8       1%          1
b - Searing Ray           Conj           100%       2d8       1%          2
c - Flame Wave            Conj/Fire      79%        3d13      8%          4
d - Scorch                Fire           100%       2d10      1%          2
e - Fireball              Conj/Fire      39%        3d16      22%         5
f - Iskenderun's Mystic   Conj/Tloc      58%        2d12      45%         4
g - Passwall              Tmut/Erth      16%        N/A       50%         2

Your spell library contained the following spells:

 Spells                   Type           Power      Damage    Failure   Level
 Dazzling Flash           Conj/Hex       100%       N/A       16%         3
 Stone Arrow              Conj/Erth      100%       3d13      16%         3
 Sandblast                Erth           40%        2d10      36%         1
 Fulminant Prism          Conj/Hex       29%        3d14      45%         4
 Frozen Ramparts          Ice            40%        1d6       75%         3
 Spider Form              Tmut/Pois      10%        N/A       75%         3
 Starburst                Conj/Fire      39%        6d11      75%         6
 Irradiate                Conj/Tmut      29%        3d23      80%         5
 Ice Form                 Ice/Tmut       20%        N/A       98%         4
 Summon Ice Beast         Ice/Summ       20%        N/A       98%         4
 Eringya's Noxious Bog    Tmut/Pois      10%        N/A       100%        6
 Summon Cactus Giant      Summ           10%        N/A       100%        6
 Ignition                 Fire           39%        3d12      100%        8


Dungeon Overview and Level Annotations

Branches:
Dungeon (13/15)            Temple (1/1) D:4            Lair (0/6) D:8
    Orc (0/2) D:11          Sewer (visited)         Ossuary (visited)
 Bailey (visited)
 Vaults: D:13-14

Shops:
D:1 =**   D:3 :   D:6 :

Portals:
Trove: D:12 (give 7 potions of haste)

Annotations:
D:12 2 transporters, blank1's ghost, journeyman MiFi
D:13 exclusion: obsidian statue


Innate Abilities, Weirdness & Mutations

Your attributes grow dramatically as you level up.
You have an increased reservoir of magic. (+10% MP)
You shall have no god before yourself.


Message History

The death knight hits you but does no damage.
You block the phantasmal warrior's attack.
Casting: Scorch (safe; 1% risk of failure)
Confirm with . or Enter, or press ? or * to list all spells.
Casting: Flame Wave (dangerous; 8% risk of failure)
Press: ? - help, Dir - look around, f - activate A wave of flame ripples out!
The flame wave engulfs the phantasmal warrior!!!
The phantasmal warrior is burned terribly!
You destroy the phantasmal warrior!
The flame wave engulfs the phantasmal warrior!!!
The phantasmal warrior is burned terribly!
You destroy the phantasmal warrior!
The flame wave engulfs the death knight!!
The death knight is burned terribly!
The death knight is heavily wounded. (Press . to intensify the flame waves.)
The death knight reflects your damage back at you!
The death knight closely misses you.
Your Evocations skill increases to level 3!
A wave of flame ripples out!
The flame wave engulfs the death knight!!!
The death knight is burned terribly!
The death knight is almost dead.
The death knight reflects your damage back at you!
* * * LOW HITPOINT WARNING * * *
The death knight hits you with a +0 battleaxe!!
* * * LOW HITPOINT WARNING * * *
You feel much better.
The death knight calls down the wrath of Yredelemnul upon you.
Your body is wracked with pain!
* * * LOW HITPOINT WARNING * * *
Okay, then.
Casting: Flame Wave (dangerous; 8% risk of failure)
Confirm with . or Enter, or press ? or * to list all spells.
You erupt in a blast of force!
The mystic blast hits the death knight but does no damage.
The death knight is almost dead.
The death knight hits you with a +0 battleaxe!!
You die...

#....# #.##.####..#.#
##....# #..........#.#
##....#
#....####.##.#########
#####.#
#....##...............
# #.#
##....##.#.#)##########
# #.# #.......|#....# #
#.# #......W(#.#).# #
#.# #.....p..#.#..# #
#.#####.....@..###..# #
#.#..............#..# #
#.#.###..........#..#
#####.#.#
#....>.....#..###
......#.#
#........###....#
#####.#J#
#####.##.#....#.####
....J...#
#.##.##.#.#.#..#
.......>#
#.##....#...#..#
........#
#.#######.###..#


You could see a death knight (reflects damage, combustible) and a wraith.

Vanquished Creatures
  Harold (D:9)
  2 centaur warriors (D:13)
  5 two-headed ogres
  A death yak (D:8)
  A tengu warrior (D:13)
  2 phantasmal warriors (D:13)
  A deep elf pyromancer (D:13)
  2 orc knights (Bailey)
  An ugly thing (D:11)
  5 cyclopes
  Joseph (D:9)
  Maurice (D:9)
  Maggie (D:8)
  3 unseen horrors
  A gargoyle (D:12)
  3 komodo dragons
  A kobold demonologist (D:10)
  6 trolls
  A hornet (D:9)
  6 slime creatures (D:13)
  7 yaks
  A vampire (D:9)
  2 wraiths
  Eustachio (D:4)
  A basilisk (D:13)
  4 steam dragons
  9 vampire mosquitoes
  3 acid dragons
  A water moccasin (D:7)
  3 ice beasts
  Purgy (Sewer)
  10 orc warriors
  2 sky beasts (D:5)
  A hornet zombie (D:9)
  A black bear (D:5)
  8 necrophages
  6 ogres
  11 centaurs
  4 phantoms
  2 gnoll sergeants (D:11)
  5 kobold brigands
  6 water moccasin zombies (Ossuary)
  3 bullfrogs
  A scorpion (D:4)
  A water moccasin skeleton (D:5)
  13 killer bees
  20 wights
  6 howler monkeys
  2 bullfrog zombies
  8 centaur zombies
  2 hounds (D:5)
  7 orc priests
  A jelly (D:5)
  Natasha (thrice) (D:4)
  2 bullfrog skeletons
  3 iguanas (D:4)
  10 orc wizards
  A killer bee zombie (D:9)
  A hound skeleton (D:5)
  4 mummies
  4 howler monkey zombies (D:9)
  8 adders
  9 gnolls
  A shadow imp (D:5)
  A white imp (D:8)
  An ufetubus (D:5)
  5 adder zombies (Ossuary)
  2 adder skeletons
  A worm (D:3)
  4 dart slugs
  41 orcs
  9 ball pythons
  6 endoplasms
  5 giant cockroaches
  5 gnoll zombies (Ossuary)
  9 goblins
  6 hobgoblins
  8 jackals
  35 kobolds
  5 quokkas
  6 bats
  3 frilled lizards
  6 hobgoblin zombies (Ossuary)
  3 kobold zombies (Ossuary)
  4 orc zombies (Ossuary)
  9 rats
  A spectral hobgoblin (D:6)
  A spectral orc (D:6)
420 creatures vanquished.

Vanquished Creatures (others)
  A wizard (D:9)
  2 centaur zombies (D:9)
  A plant (D:3)
  12 withered plants (D:9)
16 creatures vanquished.

Grand Total: 436 creatures vanquished

Notes
Turn   | Place    | Note
-------+----------+-------------------------------------------
     0 | D:1      | bjtr the Demigod Conjurer began the quest for the Orb.
     0 | D:1      | Reached XP level 1. HP: 14/14 MP: 5/5
   225 | D:1      | Found Tiboe's Jewellery Shop.
   398 | D:1      | Reached XP level 2. HP: 14/20 MP: 2/7
   401 | D:1      | Learned a level 2 spell: Searing Ray
   567 | D:1      | Found Waceisur's Assorted Antiques.
   661 | D:1      | Found Kagatuos's General Store.
  1385 | D:2      | Reached XP level 3. HP: 25/26 MP: 6/8
  1657 | D:2      | You fall into a shaft and drop 2 floors!
  1658 | D:4      | Noticed a scorpion
  1660 | D:4      | Identified the -3 cloak "Bemekk" {rC- rN++}
  1669 | D:4      | Found a sand-covered staircase.
  1709 | Ossuary  | Entered an ossuary
  1762 | Ossuary  | Reached XP level 4. HP: 19/33 MP: 1/10
  1864 | Ossuary  | Reached skill level 1 in Shields
  1961 | Ossuary  | Reached XP level 5. HP: 38/39 MP: 6/11
  2032 | Ossuary  | Reached skill level 1 in Fire Magic
  2135 | Ossuary  | Reached skill level 5 in Conjurations
  2135 | Ossuary  | Reached XP level 6. HP: 35/46 MP: 3/13
  2210 | Ossuary  | Learned a level 4 spell: Flame Wave
  2266 | Ossuary  | Reached skill level 1 in Fighting
  2457 | D:4      | Noticed Natasha
  2530 | D:4      | Killed Natasha
  2556 | D:4      | Found a staircase to the Ecumenical Temple.
  2926 | D:3      | Found Plog's Book Boutique.
  2956 | D:3      | Got the Compendium of Transmutation
  3341 | D:3      | Reached XP level 7. HP: 44/52 MP: 6/15
  3344 | D:3      | Learned a level 2 spell: Scorch
  3927 | D:4      | Noticed Natasha
  3930 | D:4      | Killed Natasha
  4229 | D:4      | Noticed Eustachio
  4237 | D:4      | Killed Eustachio
  4238 | D:4      | Reached skill level 1 in Armour
  4564 | D:4      | Noticed Natasha
  4571 | D:4      | Killed Natasha
  4572 | D:4      | Reached XP level 8. HP: 56/60 MP: 13/18
  4948 | D:1      | Bought a runed buckler for 187 gold pieces
  5046 | D:5      | Entered Level 5 of the Dungeon
  5067 | D:5      | Found a glowing drain.
  5079 | Sewer    | Entered a sewer
  5199 | Sewer    | Noticed Purgy
  5210 | Sewer    | Killed Purgy
  5892 | D:5      | Reached skill level 5 in Spellcasting
  5973 | D:5      | Reached XP level 9. HP: 65/67 MP: 8/20
  5973 | D:5      | Upgraded the game from 0.28-a0-529-g3bad584f25 to
                  | 0.28-a0-533-g9f97627e2a
  6177 | D:5      | Identified the +2 chain mail of Dawn {rPois rC++ Dex-2
                  | SInv}
  6478 | D:6      | Identified the ring of Traps {Str+5 Int+6}
  6506 | D:6      | Found Gelynaus's Book Shoppe.
  6727 | D:6      | Learned a level 5 spell: Fireball
  7034 | D:6      | Identified a scroll of acquirement
  7034 | D:6      | Acquired 909 gold pieces
  7188 | D:1      | Bought a potion of heal wounds for 65 gold pieces
  7207 | D:1      | Bought an emerald potion for 22 gold pieces
  7207 | D:1      | Bought a scroll of identify for 50 gold pieces
  7406 | D:7      | Reached skill level 5 in Dodging
  8586 | D:8      | Noticed a death yak
  8587 | D:8      | Noticed a death yak
  8589 | D:8      | Noticed a death yak
  8637 | D:8      | Found a staircase to the Lair.
  9106 | D:8      | Reached skill level 5 in Fire Magic
  9106 | D:8      | Reached XP level 10. HP: 69/75 MP: 14/23
  9146 | D:8      | Killed a death yak
  9368 | D:8      | Noticed a two-headed ogre
  9373 | D:8      | Killed a two-headed ogre
  9494 | D:8      | Noticed Maggie
  9498 | D:8      | Killed Maggie
  9759 | D:9      | Noticed Joseph
  9838 | D:9      | Noticed a wizard
  9840 | D:9      | Noticed a cyclops
  9841 | D:9      | Noticed a two-headed ogre
  9851 | D:9      | Killed a two-headed ogre
  9978 | D:9      | Killed Joseph
  9987 | D:9      | Killed a cyclops
  9988 | D:9      | Reached XP level 11. HP: 83/83 MP: 6/26
  9989 | D:9      | Noticed Harold
 10158 | D:9      | Killed Harold
 10159 | D:9      | Noticed Maurice
 10160 | D:9      | Killed a wizard
 10235 | D:9      | Noticed a two-headed ogre
 10262 | D:9      | Killed a two-headed ogre
 10322 | D:9      | Found a flagged portal.
 10325 | Bailey   | Entered a bailey
 10364 | Bailey   | Learned a level 4 spell: Iskenderun's Mystic Blast
 10368 | Bailey   | Learned a level 2 spell: Passwall
 10442 | Bailey   | Noticed an orc knight
 10449 | Bailey   | Noticed an orc knight
 10499 | Bailey   | Killed an orc knight
 10525 | Bailey   | Killed an orc knight
 11219 | D:9      | Killed Maurice
 11445 | Temple   | Entered the Ecumenical Temple
 11602 | D:10     | Entered Level 10 of the Dungeon
 11827 | D:10     | Noticed a two-headed ogre
 11831 | D:10     | Killed a two-headed ogre
 12757 | D:11     | Reached XP level 12. HP: 62/92 MP: 18/29
 12762 | D:11     | Reached skill level 1 in Long Blades
 12777 | D:11     | Noticed an eight-headed hydra
 12856 | D:11     | Identified the +7 war axe of Vostriosk {freeze, rN+++ rCorr
                  | Dex-3}
 13349 | D:11     | Found a staircase to the Orcish Mines.
 13355 | D:11     | Reached skill level 1 in Evocations
 13672 | D:12     | Found a portal to a secret trove of treasure.
 13854 | D:12     | Reached skill level 5 in Fighting
 13854 | D:12     | Reached skill level 5 in Armour
 13854 | D:12     | Reached XP level 13. HP: 101/101 MP: 31/31
 14015 | D:12     | Reached skill level 5 in Stealth
 14052 | D:12     | Found a transporter.
 14052 | D:12     | Identified the +3 great mace of Dithmenos's Outrage {drain,
                  | MP+9}
 14052 | D:12     | Noticed blank1's ghost (journeyman MiFi)
 14058 | D:12     | Found a transporter.
 14827 | D:13     | Identified the +0 scale mail of the Garden {Contam rPois
                  | rF+ Int+4}
 15382 | D:13     | Mangled by a death knight

Illustrated notes

Levels and vault maps discovered:
D:1:      dpeg_arrival_renting, layout_basic, serial_shops, shop,
          shop_fountains, shop_coins, st_stairs_5
D:2:      layout_rooms
D:3:      layout_rooms, nicolae_kikubaaqudgha_miasma_corner,
          grunt_dithmenos_smoke, serial_shops, shop, guppyfry_early_lair_pool
D:4:      layout_gridville, minmay_temple_entry_arrows,
          nicolae_ossuary_entry_plus, uniq_eustachio, uniq_natasha
D:5:      minmay_chambers_of_threes, layout_rooms, jmf_multi_god_temple,
          portal_sewer_entry_f, corexii_leaking_fountain,
          corexii_item_surrounded_by_moat, minmay_misc_feat_enclosed,
          moated_statue, kennysheep_decorative_pillar
D:6:      layout_basic, nicolae_hepliaklqana_monster_ancestors,
          vehumet_altar_wand_db, yredelemnul_forgotten_temple_becter,
          serial_shops, kennysheep_mini
D:7:      layout_basic
D:8:      layout_gridville, dpeg_lair_monsters, serial_rivers,
          chequers_serial_rivers_micro_d, chequers_serial_rivers_marsh,
          chequers_serial_rivers_small_3, chequers_serial_rivers_room_b,
          uniq_maggie
D:9:      cheibrodos_fzero, layout_basic, zin_academy, enter_bailey_2,
          serial_undead, serial_undead_b, serial_undead_f, serial_undead_a,
          serial_undead_d, serial_undead_c, serial_undead_c, serial_undead_d,
          serial_undead_b, serial_undead_f, serial_undead_d,
          nicolae_underground_beach, uniq_maurice, uniq_harold, uniq_joseph
D:10:     layout_basic
D:11:     layout_cave_pools, kennysheep_orc_monster_closet_entryway
D:12:     layout_basic, gammafunk_ghost_smash, serial_corexii_hall,
          chequers_hall_statues_y, corexii_hall_statues_deadend, enter_trove_0
D:13:     layout_basic, minmay_protected_statue
Temple:   minmay_temple_curvy_branch

Skill      XL: |  1  2  3  4  5  6  7  8  9 10 11 12 13 |
---------------+----------------------------------------+-----
Conjurations   | 4 5 6 8 9 |  9.7
Dodging        | 2 3 4 5 6 7 8 |  8.0
Spellcasting   | 2 3 4 5 6 7 9 |  9.9
Stealth        | 2 3 4 5 |  5.0
Shields        | 1 2 3 4 |  4.0
Fire Magic     | 1 2 3 5 6 7 8 9 |  9.2
Fighting       | 1 2 3 4 5 |  5.7
Armour         | 1 2 3 4 5 |  5.8
Long Blades    | 2 4 |  4.1
Evocations     | 2 3 |  3.0

Action                   |  1- 3 |  4- 6 |  7- 9 | 10-12 | 13-15 || total
-------------------------+-------+-------+-------+-------+-------++-------
Melee: Dagger            |     6 |       |       |       |       ||     6
       Rapier            |    23 |    57 |    95 |       |       ||   175
       Falchion          |       |       |    72 |    35 |       ||   107
       Broad axe         |       |       |       |    52 |       ||    52
       Scimitar          |       |       |       |    37 |    24 ||    61
Throw: Dart              |       |       |       |     4 |       ||     4
       Javelin           |       |       |       |       |     3 ||     3
       Boomerang         |       |       |       |       |     1 ||     1
 Cast: Magic Dart        |    24 |       |       |       |       ||    24
       Searing Ray       |    17 |    35 |    40 |    11 |       ||   103
       Flame Wave        |       |     2 |    17 |    33 |    10 ||    62
       Scorch            |       |       |    18 |    30 |    18 ||    66
       Fireball          |       |       |     5 |    17 |     7 ||    29
       Iskenderun's Myst |       |       |       |     7 |     4 ||    11
Evoke: Wand              |       |       |       |    17 |       ||    17
  Use: Scroll            |     3 |     3 |    10 |     6 |     5 ||    27
       Potion            |       |       |       |     6 |     3 ||     9
 Stab: Sleeping          |     1 |     2 |     6 |     2 |       ||    11
       Distracted        |       |       |     1 |       |       ||     1
Armor: Robe              |    14 |    18 |       |       |       ||    32
       Leather armour    |       |     9 |    28 |       |       ||    37
       Troll leather arm |       |       |    76 |   126 |     2 ||   204
       Chain mail        |       |       |       |       |    36 ||    36
Dodge: Dodged            |    27 |    55 |   184 |   211 |    35 ||   512
Block: Buckler           |       |       |   108 |   134 |    27 ||   269
       Reflection        |       |       |     2 |    13 |     6 ||    21

Table legend: (Time is in decaauts)
 A = Elapsed time spent in this place.
 B = Non-inter-level travel time spent in this place.
 C = Inter-level travel time spent in this place.
 D = Time resting spent in this place.
 E = Time spent auto-exploring this place.
 F = Levels seen in this place.
 G = Mean time per level.
                   A        B        C        D        E       F      G
               +--------+--------+--------+--------+--------+-----+--------+
         Total |  15546 |  14190 |   1356 |   3110 |   7211 |  17 |  914.5 |
       Dungeon |  14143 |  12788 |   1355 |   2489 |   7087 |  13 | 1087.9 |
        Temple |     15 |     15 |      0 |      0 |      0 |   1 |   15.0 |
         Sewer |    239 |    239 |      0 |     64 |     29 |   1 |  239.0 |
       Ossuary |    748 |    748 |      0 |    451 |     25 |   1 |  748.0 |
        Bailey |    399 |    399 |      0 |    106 |     70 |   1 |  399.0 |
               +--------+--------+--------+--------+--------+-----+--------+

Top non-repeatable levels by time:
     D:8: 1583 daAuts
     D:4: 1551 daAuts
     D:1: 1386 daAuts
    D:10: 1220 daAuts
     D:7: 1194 daAuts
     D:5: 1074 daAuts
    D:12: 1012 daAuts
     D:9: 943 daAuts
     D:3: 934 daAuts
     D:6: 933 daAuts
    D:13: 903 daAuts
 Ossuary: 748 daAuts
     D:2: 723 daAuts
    D:11: 682 daAuts
  Bailey: 399 daAuts
